AYYE, chaotic female orcish Barbarian --- --- --- ---.---- --.-- --.-- --- |......--- |...---...||..| --- |........-- |.........--).| --.-- ---.......| --.<..^.......| --...| -------....- --...........| |....--- |..| --....--- ---....*...--- --.....-- --..--- |......| |......*(- ---....| |.....| |......-- -.------.--- --- |.....| |.....| --......| |...| --.-----.--..| --...-- --.....-- ---.--- |........||.-- |...|.--......| |...| ---[...-----|.| --.|..*[.......| ---.--|......| |.| |...|.........-- |...|)--.. |.|--.-- -.....^-- --....|--- |.|...| --.|...|---- |.---- |I|.--- -----.--..| --- |%|.-- |.....| |....| -->..-- --..| ----- ---- AYYE the Bandit Experience level: 8 Strength: 16 Dexterity: 17 Constitution: 18 Intelligence: 7 Wisdom: 10 Charisma: 8 Health: 0(84) Energy: 15(15) Def: 13 Gold: 768 Moves: 6276 Dungeon seed: qR6LUuZ-2Nl6L83V Game ID: AYYE_1512172499 Your Inventory: Coins $ - 768 gold pieces Amulets j - an uncursed amulet versus poison (being worn) Weapons a - a blessed +0 battle-axe (weapon in hands) Armor z - an uncursed +0 dwarvish cloak (being worn) A - an uncursed +0 dwarvish iron helm (being worn) B - an uncursed +0 dwarvish mithril-coat (being worn) N - an uncursed +0 pair of iron shoes (being worn) Comestibles c - 9 uncursed food rations d - an uncursed egg Scrolls e - a blessed scroll of blank paper i - a cursed scroll of earth s - an uncursed scroll of punishment x - a cursed scroll of enchant weapon E - a cursed scroll of enchant armor H - an uncursed scroll of enchant armor J - 2 cursed scrolls of destroy armor O - a blessed scroll of create monster P - 2 cursed scrolls of teleportation R - a cursed scroll of create monster S - an uncursed scroll of light Potions M - a blessed potion of object detection U - a potion of holy water Rings b - a cursed ring of teleportation l - a cursed ring of regeneration G - an uncursed ring of sustain ability V - an uncursed ring of stealth W - an uncursed +3 ring of protection (on left hand) Wands m - a wand of magic missile (0:0) o - a wand of teleportation (0:3) w - a wand of magic missile (0:6) K - a cursed wand of make invisible (0:1) L - a cursed wand of light (0:14) X - a cursed wand of teleportation (0:3) Tools k - an uncursed tin whistle r - an uncursed tin opener v - a +0 pick-axe D - an expensive camera (0:76) I - an uncursed mirror Z - an uncursed skeleton key Gems h - 2 cursed obsidian stones n - 2 uncursed opals p - an uncursed worthless piece of blue glass q - an uncursed worthless piece of black glass t - an uncursed jasper stone y - an uncursed garnet stone C - an uncursed worthless piece of yellowish brown glass F - an uncursed worthless piece of orange glass Y - an uncursed worthless piece of white glass Spells and supernatural/magical abilities: Name Level Category Fail Memory B - cure blindness 2 healing 100% 94% W - pray for help -- divine ? -- Your skills at the end: Fighting Skills bare handed combat [Basic] Weapon Skills axe [Basic] short sword [Basic] Spellcasting Skills Final Attributes: You had transgressed. You were poison resistant. You were telepathic. You had infravision. You were invisible. You were protected. You were fast. You are dead. Vanquished creatures: 2 ghosts a watch captain a leather golem 4 watchmen 2 giant beetles a cockatrice a giant spider a horse 3 gnome kings 2 brown puddings a werewolf 2 dingos a housecat 3 water nymphs 2 Uruk-hai a yellow light 14 gnome lords 6 gnomish wizards a red naga hatchling a black naga hatchling a guardian naga hatchling an elf zombie a paper golem 2 floating eyes a kitten 15 dwarves a hill orc a rabid rat a centipede 2 dwarf zombies a wererat 10 killer bees 2 acid blobs 9 hobbits a hobgoblin 4 giant rats a brown mold a green mold 2 red molds 54 gnomes 2 garter snakes a gnome zombie 2 geckos 4 jackals a fox a goblin 11 grid bugs 4 lichens a kobold zombie 6 newts 194 creatures vanquished. Voluntary challenges: You used a wielded weapon 325 times, starting on turn 4. You read items or engraved 17 times, starting on turn 1297. You never genocided any monsters. You never polymorphed an object. You never changed form. You used no wishes. You split 1 pudding, starting on turn 3644. You wrote Elbereth's name 6 times, starting on turn 1297. You violated your moral code, losing 126 points of alignment, starting on turn 292. Dungeon overview: The Dungeons of Doom: levels 1 to 4 Level 1 an altar to Set a long staircase Level 2 stairs to The Gnomish Mines Level 3 Level 4 The Gnomish Mines: levels 3 to 10 Level 3 stairs to The Dungeons of Doom Level 4 Level 5 Level 6 many shops, a temple to Set, a fountain Level 7 Level 8 Level 9 <- You were here Level 10 History has recorded: On T:1 you entered the Dungeons of Doom to retrieve the Amulet of Yendor! On T:632 you reached level 2 of The Dungeons of Doom. On T:997 you reached level 1 of The Gnomish Mines. On T:1005 you advanced to experience level 2. On T:1007 you advanced to experience level 3. On T:1300 you advanced to experience level 4. On T:1474 you advanced to experience level 5. On T:1572 you reached level 2 of The Gnomish Mines. On T:1942 you reached level 3 of The Dungeons of Doom. On T:2201 you reached level 4 of The Dungeons of Doom. On T:2664 you advanced to experience level 6. On T:3311 you reached level 5 of The Gnomish Mines. On T:3523 you reached level 6 of The Gnomish Mines. On T:3546 you advanced to experience level 7. On T:3793 you reached level 7 of The Gnomish Mines. On T:4331 you advanced to experience level 8. On T:4533 you reached level 8 of The Gnomish Mines. On T:4960 you reached level 3 of The Gnomish Mines. On T:5474 you reached level 4 of The Gnomish Mines. Score breakdown: Gold: 768 ( 9816 points) Experience: 8 levels (14739 points) Exploration: 10 levels ( 20.41%) (12990 points) Discoveries: 17 items ( 6.91%) ( 7886 points) Valuables value: (no points given unless you survive) Artifact value: 0 ( 0 points) Variety of kills: 50 monsters ( 13.12%) (10867 points) Turncount: 6276 turns (-1690 points) Survival: died (score multiplied by 80%) Total score: 43686 Latest messages: The Uruk-hai bumps right into you! You faint from lack of food. It bumps right into you! You come to. The gargoyle misses. The gargoyle hits! The gargoyle misses. The Uruk-hai bumps right into you! You faint from lack of food. You come to. The giant beetle bumps right into you! You smite the giant beetle! You miss the giant beetle. You kill the giant beetle! You see here a giant beetle corpse. You faint from lack of food. It bumps right into you! It hits! It just misses! It misses. It hits! (2x) You die... Final status: Goodbye AYYE the Barbarian, killed by a gargoyle, while fainted from lack of food... You died in The Gnomish Mines on dungeon level 9 with 43686 points, and 768 pieces of gold, after 6276 moves. You were level 8 with a maximum of 84 hit points when you died.